 Dungeon Crawl Stone Soup version 0.26-a0-284-g73c0fb6129 (webtiles) character file.

Game seed: 5807175811659245640

46 MrRokkomies the Chiller (level 3, 0/27 HPs)
             Began as a Barachi Ice Elementalist on July 13, 2020.
             Slain by a white imp (3 damage)
             ... on level 2 of the Dungeon.
             The game lasted 00:03:36 (2058 turns).

MrRokkomies the Chiller (Barachi Ice Elementalist)  Turns: 2058, Time: 00:03:36

Health: 0/27       AC:  3    Str:  9    XL:     3   Next: 66%
Magic:  6/6        EV: 13    Int: 16    God:
Gold:   102        SH:  0    Dex: 12    Spells: 5/6 levels left

rFire    . . .     SeeInvis .   c - +0 mace
rCold    . . .     Faith    .   (no shield)
rNeg     . . .     Spirit   .   a - +0 robe
rPois    .         Reflect  .   (no helmet)
rElec    .         Harm     .   (no cloak)
rCorr    .                      (no gloves)
MR       .....                  k - +0 pair of boots
Stlth    ++........             (no amulet)
HPRegen  0.09/turn              (no ring)
MPRegen  0.10/turn              (no ring)

@: slow
A: +LOS, swims, slowness 1, strong legs 1
a: Hop


You were on level 2 of the Dungeon.
You visited 1 branch of the dungeon, and saw 2 of its levels.

You collected 102 gold pieces.

Inventory:

Hand Weapons
 b - a +0 dagger
 c - a +0 mace (weapon)
Missiles
 e - 24 arrows
 f - 13 boomerangs (quivered)
 m - 8 javelins
Armour
 a - a +0 robe (worn)
 k - a +0 pair of boots (worn)
Scrolls
 d - a scroll of enchant armour {unknown}
 j - a scroll of identify {unknown}
Potions
 g - a potion of lignification {unknown}
 h - 2 potions of haste {unknown}
 i - a potion of stabbing {unknown}
 l - a potion of curing {unknown}


   Skills:
 * Level 2.2 Fighting
 + Level 2.7 Dodging
 - Level 1.7 Stealth
 - Level 2.1 Spellcasting
 * Level 5.5 Ice Magic


You had 5 spell levels left.
You knew the following spells:

 Your Spells              Type           Power        Failure   Level
a - Freeze                Ice            ###.         2%          1

Your spell library contained the following spells:

 Spells                   Type           Power        Failure   Level
 Frozen Ramparts          Ice            ###...       6%          3
 Ozocubu's Armour         Chrm/Ice       ##......     21%         3
 Hailstorm                Conj/Ice       ##......     54%         4
 Summon Ice Beast         Ice/Summ       ##......     54%         4


Dungeon Overview and Level Annotations

Branches:
Dungeon (2/15)

Altars:


Innate Abilities, Weirdness & Mutations

You can be seen from farther away. (+LOS)
You can swim through water.
You cover ground slowly.
You can hop short distances.


Message History

You are too injured to fight recklessly!
The white imp puffs mist at you. The white imp misses you.
You hit the white imp.
The white imp is severely wounded.
The white imp hits you. The white imp freezes you.
The white imp gestures at you. The puff of frost hits you!
* * * LOW HITPOINT WARNING * * *
You closely miss the white imp.
The white imp is severely wounded.
The white imp barely misses you.
You closely miss the white imp.
The white imp is severely wounded.
The white imp barely misses you.
The white imp hits you but does no damage.
You closely miss the white imp.
The white imp is severely wounded.
The white imp hits you.
You die...

##.#.##.#.##.#.##
##.#.##.#.#.##.#.##
#.#.##÷#...#.##.#.##
#.##)...##.#.##.#.# ##
#.#...#.##.#.##.#.## #.
##### ##.#.#.##.#.##.#†##
. ....# ##.#.##.#.##.#.##
#. ###.# ##.##.#.##.#.##
#. ....# ###.#@##.#.#####
#. .[### #.#5##.#.## ..#
#. ....# #.#.##.#.#####.#
#. ..#.#
.#.##.#.##.....######.
.##.#
###.##.#.##.†....#......
.##.#
##.###.#.###.............
.##.#####.###...##
#.....#######.
...>......# #..## #.....#
#. #########.###.##
#####<### #.


You could see a white imp.

Vanquished Creatures
  An adder (D:2)
  4 dart slugs
  4 goblins
  5 hobgoblins
  5 kobolds
  A ball python (D:2)
  2 bats
  3 frilled lizards
  5 rats
30 creatures vanquished.

Notes
Turn   | Place    | Note
-------+----------+-------------------------------------------
     0 | D:1      | MrRokkomies the Barachi Ice Elementalist began the quest
                  | for the Orb.
     0 | D:1      | Reached XP level 1. HP: 13/13 MP: 3/3
   171 | D:1      | Reached skill level 5 in Ice Magic
   300 | D:1      | Reached skill level 1 in Fighting
   442 | D:1      | Reached XP level 2. HP: 16/21 MP: 5/5
  1344 | D:2      | Reached XP level 3. HP: 16/27 MP: 6/6
  2058 | D:2      | Slain by a white imp

Illustrated notes

Levels and vault maps discovered:
D:1:      saegor_arrival_simple_b, layout_basic
D:2:      minmay_inner_zag, layout_loops_ring, nicolae_overflow_hidden_temple,
          lightli_temple_of_fire

Skill      XL: |  1  2  3 |
---------------+----------+-----
Ice Magic      | 5 |  5.5
Fighting       | 1 2 |  2.2
Dodging        | |  2.7
Stealth        | |  1.7
Spellcasting   | |  2.1

Action                   || total
-------------------------++-------
Melee: Mace              ||    85
       Unarmed           ||     3
 Cast: Freeze            ||     9
  Use: Scroll            ||     4
 Stab: Sleeping          ||     3
       Distracted        ||     1
Armor: Robe              ||    11
Dodge: Dodged            ||    57

Table legend:
 A = Non-vault XP
 B = Vault XP
 C = Vault XP percentage of total XP
 D = Non-vault monster count
 E = Vault monster count
 F = Vault count percentage of total count
                 A         B        C        D         E       F
            +---------+---------+-------+---------+---------+-------
      Total |      50 |      16 |  24.2 |      27 |       3 |  10.0
            +---------+---------+-------+---------+---------+-------
        D:1 |      26 |       0 |   0.0 |      15 |       0 |   0.0
        D:2 |      24 |      16 |  40.0 |      12 |       3 |  20.0
            +---------+---------+-------+---------+---------+-------
